 Dungeon Crawl Stone Soup version 0.22-a0-565-gfc6459a524 (webtiles) character file.

74 Kholdaimon the Ducker (level 4, 0/34 HPs)
             Began as a Merfolk Gladiator on June 28, 2018.
             Slain by an orc
             ... wielding a +0 whip
              (4 damage)
             ... on level 3 of the Dungeon.
             The game lasted 00:08:14 (1698 turns).

Kholdaimon the Ducker (Merfolk Gladiator)           Turns: 1698, Time: 00:08:14

Health: 0/34       AC:  4    Str: 14    XL:     4   Next: 28%
Magic:  4/4        EV: 14    Int:  8    God:
Gold:   65         SH:  0    Dex: 15    Spells: 3/3 levels left

rFire    . . .     SeeInvis .   a - +0 long sword
rCold    . . .     Gourm    .   (no shield)
rNeg     . . .     Faith    .   b - +0 leather armour
rPois    .         Spirit   .   c - +0 helmet
rElec    .         Reflect  .   (no cloak)
rCorr    .         Harm     .   (no gloves)
MR       .....                  (no boots)
Stlth    +.........             (no amulet)
HPRegen  0.11/turn              (no ring)
MPRegen  0.09/turn              (no ring)

@: no status effects
A: change form in water, swift swim, stealthy swim
a: no special abilities


You were on level 3 of the Dungeon.
You were hungry.

You visited 1 branch of the dungeon, and saw 3 of its levels.

You collected 65 gold pieces.

Inventory:

Hand Weapons
 a - a +0 long sword (weapon)
 l - a +0 hunting sling
 r - a +0 blowgun
Missiles
 d - 3 throwing nets
 k - 17 stones (quivered)
 t - 45 sling bullets
Armour
 b - a +0 leather armour (worn)
 c - a +0 helmet (worn)
 h - a cursed +0 leather armour
 p - a +0 ring mail
 q - a +0 ring mail
 w - a +1 pair of boots
Jewellery
 g - an uncursed amulet of magic regeneration {unknown}
 i - an uncursed ring of magical power {unknown}
 s - a +4 ring of evasion {unknown}
Scrolls
 e - 2 scrolls of teleportation {unknown}
 v - a scroll of enchant weapon {unknown}
Potions
 m - a potion of haste {unknown}
 n - a potion of brilliance {unknown}
 o - a potion of mutation {unknown}
 u - 2 potions of curing {unknown}
Comestibles
 f - 2 rations


   Skills:
 + Level 2.8 Fighting
 * Level 4.1 Long Blades
 + Level 2.4 Throwing
 * Level 5.0 Dodging


You had 3 spell levels left.
You didn't know any spells.
Your spell library was empty.

Dungeon Overview and Level Annotations

Branches:
Dungeon (3/15)

Altars:
Ashenzari
Hepliaklqana
Wu Jian
The Shining One


Message History

You hit the orc.
The orc is severely wounded.
The orc barely misses you.
You slash the orc!
You kill the orc!
You hit the orc.
The orc is severely wounded.
The orc hits you with a flail!
* * * LOW HITPOINT WARNING * * *
You closely miss the orc.
The orc is severely wounded.
The orc completely misses you.
You slash the orc!
You kill the orc!
You closely miss the orc. The orc hits you with a whip.
* * * LOW HITPOINT WARNING * * *
You hit the orc.
The orc is almost dead.
The orc hits you with a whip.
You die...

##########..######
..................
##########..######
..................
##########..####.#
##########........
#...........####.#
##########..# #.# #
######..####@# # #
............#o#####..###
#
.............)).).......
#
........###.#)#####..###
# #####...# #..... ..< #
###.# #....... # #
#............. #
#.###....####. .. ......


You could see an orc.

Vanquished Creatures
  3 gnolls (D:3)
  2 worms (D:2)
  2 leopard geckos
  4 orcs (D:3)
  2 giant cockroaches
  A goblin (D:3)
  3 hobgoblins (D:1)
  5 kobolds
  5 bats
  4 frilled lizards
  4 rats
35 creatures vanquished.

Notes
Turn   | Place    | Note
-------+----------+-------------------------------------------
     0 | D:1      | Kholdaimon the Merfolk Gladiator began the quest for the Orb.
     0 | D:1      | Reached XP level 1. HP: 16/16 MP: 1/1
   176 | D:1      | Reached XP level 2. HP: 8/23 MP: 2/2
  1109 | D:2      | Reached XP level 3. HP: 7/28 MP: 3/3
  1386 | D:2      | Found a glowing golden altar of the Shining One.
  1391 | D:2      | Found a hazy altar of Hepliaklqana.
  1395 | D:2      | Found an ornate altar of the Wu Jian Council.
  1405 | D:2      | Found a shattered altar of Ashenzari.
  1687 | D:3      | Reached XP level 4. HP: 18/34 MP: 4/4
  1689 | D:3      | Reached skill level 5 in Dodging
  1698 | D:3      | Slain by an orc

Vault maps used:
D:1:      minmay_arrival_wavy_path, serial_forest,
          infiniplex_forest_lined_corner, infiniplex_forest_join,
          infiniplex_forest_lined_2, infiniplex_forest_lined_room_3,
          infiniplex_forest_clump_small, infiniplex_forest_clump_curved,
          infiniplex_forest_clump_double, minmay_misc_feat_plants
D:2:      grunt_temple_overflow_open

Skill      XL: |  1  2  3  4 |
---------------+-------------+-----
Long Blades    | 4 |  4.1
Dodging        | 5 |  5.0
Fighting       | |  2.8
Throwing       | |  2.4

Action                   |  1- 3 |  4- 6 || total
-------------------------+-------+-------++-------
Melee: Long sword        |    90 |     9 ||    99
Throw: Stone             |     3 |       ||     3
 Stab: Sleeping          |     1 |       ||     1
  Eat: Chunk             |     2 |       ||     2
Armor: Leather armour    |    28 |     1 ||    29
Dodge: Dodged            |    72 |     4 ||    76
       Rpst.: Long sword |    23 |     1 ||    24

Table legend:
 A = Spawn XP
 B = Non-spawn XP
 C = Spawn XP percentage of total XP
 D = Spawn monster count
 E = Non-spawn monster count
 F = Spawn count percentage of total count
 G = Total turns spent on level
                    A         B        C        D         E        F      G
               +---------+---------+-------+---------+---------+-------+---------
         Total |       0 |     106 |   0.0 |       0 |      35 |   0.0 |  1698
               +---------+---------+-------+---------+---------+-------+---------
           D:1 |       0 |      19 |   0.0 |       0 |      13 |   0.0 |   912
           D:2 |       0 |      24 |   0.0 |       0 |      12 |   0.0 |   658
           D:3 |       0 |      63 |   0.0 |       0 |      10 |   0.0 |   128
               +---------+---------+-------+---------+---------+-------+---------
